 Dungeon Crawl Stone Soup version 0.27-a0-1281-ge233d83751 (webtiles) character file.

Game seed: 9344759466543571974

6943 Johnny the Thaumaturge (level 10, -21/68 HPs)
             Began as a Deep Elf Earth Elementalist on June 14, 2021.
             Was a Believer of Dithmenos.
             Demolished by a death yak (23 damage)
             ... on level 8 of the Dungeon.
             The game lasted 00:08:54 (10135 turns).

Johnny the Thaumaturge (DEEE)                      Turns: 10135, Time: 00:08:55

Health: -21/68     AC:  7    Str:  5    XL:     10   Next: 80%
Magic:  7/27       EV: 12    Int: 24    God:    Dithmenos [**....]
Gold:   1042       SH:  0    Dex: 15    Spells: 18/31 levels left

rFire    . . .     SeeInvis .   g - staff of earth
rCold    . . .     Faith    .   (no shield)
rNeg     . . .     Spirit   .   o - +0 steam dragon scales
rPois    .         Reflect  .   G - +1 hat
rElec    .         Harm     .   n - +0 cloak
rCorr    .         Rampage  .   (no gloves)
Will     +....                  (no boots)
Stlth    +++.......             y - amulet of magic regeneration
HPRegen  0.21/turn              (no ring)
MPRegen  0.45/turn              (no ring)

@: wreathed by umbra
A: no striking features
a: Renounce Religion, Shadow Step


You were on level 8 of the Dungeon.
You worshipped Dithmenos.
Dithmenos was pleased with you.
You visited 2 branches of the dungeon, and saw 10 of its levels.

You collected 1217 gold pieces.
You spent 175 gold pieces at shops.

Inventory:

Hand Weapons
 i - a +2 dagger of freezing
Missiles
 b - 139 stones
 E - 14 boomerangs of dispersal
 J - a throwing net
Armour
 n - a +0 cloak (worn)
 o - +0 steam dragon scales (worn)
 G - a +1 hat (worn)
Magical Staves
 d - a staff of conjuration
 g - a staff of earth (weapon)
Jewellery
 k - a ring of fire
 r - a ring of flight
 x - an amulet of faith
 y - an amulet of magic regeneration (around neck)
Wands
 w - a wand of digging (2)
 C - a wand of polymorph (10)
 D - a wand of flame (6)
Scrolls
 e - 4 scrolls of teleportation
 j - 2 scrolls of amnesia
 l - 3 scrolls of noise
 m - a scroll of silence
 v - 4 scrolls of enchant armour
 z - 2 scrolls of immolation
 H - 2 scrolls of fog {unknown}
 I - a scroll of holy word {unknown}
 K - 2 scrolls of fear {unknown}
 L - a scroll of brand weapon
Potions
 f - 2 potions of resistance
 h - 2 potions of might
 p - a potion of magic
 s - a potion of degeneration
 t - a potion of haste
 u - 2 potions of curing
 A - a potion of flight {unknown}
 B - a potion of cancellation {unknown}
 F - a potion of berserk rage {unknown}


   Skills:
 * Level 9.9 Fighting
 - Level 2.4 Dodging
 - Level 2.4 Stealth
 + Level 11.1 Spellcasting
 - Level 1.1 Transmutations
 + Level 9.7 Earth Magic


You had 18 spell levels left.
You knew the following spells:

 Your Spells              Type           Power      Damage    Failure   Level
a - Sandblast             Erth           100%       2d20      1%          1
b - Stone Arrow           Conj/Erth      100%       3d13      1%          3
c - Lee's Rapid Deconstr  Erth           37%        3d19*     2%          5
d - Petrify               Tmut/Erth      56%        N/A       4%          4

Your spell library contained the following spells:

 Spells                   Type           Power      Damage    Failure   Level
 Passwall                 Tmut/Erth      46%        N/A       1%          2
 Sting                    Tmut/Pois      64%        1d6       3%          1
 Poisonous Vapours        Pois/Air       26%        N/A       7%          2
 Ignite Poison            Fire/Tmut/Pois 15%        N/A       12%         3
 Conjure Flame            Conj/Fire      13%        6-21      14%         3
 Mephitic Cloud           Conj/Pois/Air  13%        N/A       14%         3
 Olgreb's Toxic Radiance  Pois           13%        N/A       43%         4
 Freezing Cloud           Conj/Ice/Air   6%         6-21      78%         5


Dungeon Overview and Level Annotations

Branches:
Dungeon (9/15)             Temple (1/1) D:4            Lair (0/6) D:9
    Orc: D:9-12

Altars:
Ashenzari
Cheibriados
Dithmenos
Elyvilon
Fedhas
Gozag
Hepliaklqana
Kikubaaqudgha
Makhleb
Okawaru
Qazlal
Ru
Sif Muna
Trog
Vehumet
Wu Jian
Xom
Yredelemnul
Zin
The Shining One

Shops:
D:6 ?


Message History

Found a stone staircase leading down.
Casting: Sandblast (safe; 1% risk of failure)
Confirm with . or Enter, or press ? or * to list all spells.
Aiming: Lee's Rapid Deconstruction (dangerous; 2% risk of failure)
Press: ? - help, Dir - move target, p - death yak A rock wall.
This square is wreathed by an umbra.
You feel a surge of power!
The wall shatters!
The blast of rock fragments hits the death yak!!
The death yak is almost dead.
The blast of rock fragments hits the death yak!
The death yak is moderately wounded.
Casting: Lee's Rapid Deconstruction (dangerous; 2% risk of failure)
Confirm with . or Enter, or press ? or * to list all spells.
Aiming: Lee's Rapid Deconstruction (dangerous; 2% risk of failure)
Press: ? - help, Dir - move target A rock wall.
This square is wreathed by an umbra.
You feel a surge of power!
The wall shatters!
The blast of rock fragments hits the death yak!
You kill the death yak!
Dithmenos accepts your kill.
The blast of rock fragments hits the death yak!!
The death yak is heavily wounded.
Your Spellcasting skill increases to level 11!
The death yak gores you!!
* * * LOW HITPOINT WARNING * * *
Found an escape hatch in the ceiling.
The death yak snorts and paws the ground.
There is an escape hatch in the ceiling here.
You feel better. The death yak gores you!
* * * LOW HITPOINT WARNING * * *
A mysterious force pulls you upwards. The hatch slams shut behind you.
Casting: Lee's Rapid Deconstruction (dangerous; 2% risk of failure)
Confirm with . or Enter, or press ? or * to list all spells.
Okay, then.
Okay, then.
The death yak gores you!!
You die...

......# #.......(# #####.....
.####.# #.......## #.......#.
....#.# #######[## #.####.#..
.##.#.# #...# #.####.### .##.#.##
#...# #......# .......# #.[.#
#.##.#.# #.#.##.#
#...######.##.#.# #.#.##.#
######........#......#
#.#.†#.###......@Y.....#..###.###
#.##......................# #....
..##.#.###.............#..###.###
#......# ######........##...<.###
#....### #...########.......
.....# #...# #..#.##. #.####
#...# #..#.##. #.# #...# #.......
..# ##########.## ##.#.##.


You could see a death yak.

Vanquished Creatures
  2 death yaks (D:9)
  A two-headed ogre (D:7)
  Maurice (D:8)
  Maggie (D:7)
  A hornet (D:8)
  6 yaks (D:8)
  A steam dragon (D:4)
  Menkaure (D:7)
  Edmund (D:5)
  Duvessa (D:7)
  2 water moccasins
  An orc warrior (D:8)
  A black bear (D:5)
  An ogre (D:6)
  A centaur (D:9)
  A phantom (D:5)
  2 kobold brigands (D:7)
  2 bullfrogs
  2 gnoll sergeants
  2 scorpions
  A wyvern skeleton (D:4)
  Dowan (D:7)
  9 wights
  5 killer bees (D:6)
  3 howler monkeys (D:8)
  2 centaur zombies
  A hound (D:6)
  2 jellies (D:6)
  A gnoll shaman (D:8)
  5 orc priests
  A bullfrog skeleton (D:5)
  A hell rat (D:9)
  2 iguanas (D:5)
  8 orc wizards
  A statue (D:7)
  2 howler monkey zombies
  17 gnolls
  6 adders
  An adder skeleton (D:4)
  4 dart slugs
  20 orcs
  3 bats
  10 endoplasms
  4 giant cockroaches
  7 goblins
  4 hobgoblins
  6 jackals
  3 quokkas
  4 ball pythons
  3 frilled lizards
  12 kobolds
  5 rats
185 creatures vanquished.

Vanquished Creatures (others)
  A butterfly (D:4)
  2 plants (D:4)
3 creatures vanquished.

Grand Total: 188 creatures vanquished

Notes
Turn   | Place    | Note
-------+----------+-------------------------------------------
     0 | D:1      | Johnny the Deep Elf Earth Elementalist began the quest for
                  | the Orb.
     0 | D:1      | Reached XP level 1. HP: 10/10 MP: 6/6
   433 | D:1      | Found a faded altar of an unknown god.
   476 | D:1      | Reached XP level 2. HP: 2/16 MP: 6/8
   768 | D:1      | Reached skill level 1 in Fighting
  1120 | D:1      | Reached XP level 3. HP: 20/20 MP: 8/10
  1543 | D:3      | Learned a level 3 spell: Stone Arrow
  1915 | D:3      | Reached skill level 4 in Spellcasting
  1915 | D:3      | Reached XP level 4. HP: 18/26 MP: 2/12
  2307 | D:3      | Found a burning altar of Makhleb.
  2307 | D:3      | Found a blossoming altar of Fedhas.
  3019 | D:2      | Reached XP level 5. HP: 31/31 MP: 13/13
  3523 | D:4      | Found a snail-covered altar of Cheibriados.
  3542 | D:4      | Noticed a steam dragon
  3547 | D:4      | Killed a steam dragon
  3548 | D:4      | Reached skill level 5 in Spellcasting
  3548 | D:4      | Reached XP level 6. HP: 13/37 MP: 8/15
  3978 | D:4      | Found a staircase to the Ecumenical Temple.
  4036 | D:4      | Found a white marble altar of Elyvilon.
  4438 | Temple   | Entered the Ecumenical Temple
  4620 | D:5      | Entered Level 5 of the Dungeon
  4972 | D:5      | Noticed Edmund
  4980 | D:5      | Killed Edmund
  4981 | D:5      | Reached skill level 5 in Earth Magic
  5316 | D:5      | Reached XP level 7. HP: 38/43 MP: 13/17
  5373 | D:5      | Found a shadowy altar of Dithmenos.
  5447 | D:5      | Became a worshipper of Dithmenos the Shadowed
  5940 | D:5      | Reached skill level 6 in Spellcasting
  6243 | D:6      | Reached skill level 5 in Fighting
  6393 | D:6      | Found Isuar Qorhi's Magic Scroll Emporium.
  6398 | D:6      | Reached XP level 8. HP: 49/49 MP: 6/19
  6482 | D:6      | Bought a scroll of identify for 28 gold pieces
  6482 | D:6      | Bought a scroll of identify for 28 gold pieces
  6482 | D:6      | Bought a scroll of identify for 28 gold pieces
  6482 | D:6      | Bought a scroll of identify for 28 gold pieces
  6482 | D:6      | Bought a scroll of noise for 14 gold pieces
  6482 | D:6      | Bought a scroll of immolation for 49 gold pieces
  6487 | D:6      | Identified a scroll of acquirement
  6493 | D:6      | Acquired a staff of earth
  6970 | D:6      | Reached skill level 7 in Spellcasting
  7198 | D:6      | Reached * piety under Dithmenos
  7498 | D:7      | Found a glowing silver altar of Zin.
  7556 | D:7      | Noticed Maggie
  7564 | D:7      | Learned a level 5 spell: Lee's Rapid Deconstruction
  7569 | D:7      | Learned a level 4 spell: Petrify
  7577 | D:7      | Noticed Dowan
  7578 | D:7      | Killed Maggie
  7579 | D:7      | Reached skill level 8 in Spellcasting
  7592 | D:7      | Killed Dowan
  7593 | D:7      | Reached XP level 9. HP: 53/56 MP: 21/23
  7594 | D:7      | Noticed Duvessa
  7600 | D:7      | Killed Duvessa
  7931 | D:7      | Noticed a two-headed ogre
  7934 | D:7      | Killed a two-headed ogre
  7935 | D:7      | Reached skill level 9 in Spellcasting
  8355 | D:7      | Noticed Menkaure
  8360 | D:7      | Killed Menkaure
  8411 | D:7      | Found a radiant altar of Vehumet.
  8869 | D:8      | Reached ** piety under Dithmenos
  9306 | D:8      | Noticed Maurice
  9313 | D:8      | Killed Maurice
  9383 | D:8      | Reached XP level 10. HP: 65/65 MP: 11/25
  9394 | D:8      | Reached skill level 10 in Spellcasting
  9411 | D:8      | Acquired 746 gold pieces
 10067 | D:9      | Found a staircase to the Lair.
 10067 | D:9      | Noticed a death yak
 10070 | D:9      | Noticed a death yak
 10080 | D:9      | Killed a death yak
 10086 | D:9      | Noticed a death yak
 10120 | D:9      | Killed a death yak
 10121 | D:9      | Reached skill level 11 in Spellcasting
 10133 | D:9      | HP: 1/68 [death yak (16)]
 10135 | D:8      | Demolished by a death yak

Illustrated notes

Levels and vault maps discovered:
D:1:      heliophobic_arrival_battle_scene, layout_basic,
          hellmonk_ecumenical_altar_run_dry, st_stairs_6
D:2:      layout_rooms
D:3:      layout_basic, gammafunk_temple_overflow_wave
D:4:      layout_basic, nicolae_overflow_hidden_temple,
          nicolae_elyvilon_peaceful_grove, minmay_temple_entry_gardened_gates
D:5:      layout_loops_corners, lemuel_doored_altar, st_stairs_8, uniq_edmund
D:6:      layout_gridville, serial_shops, nicolae_shop_waterfront
D:7:      layout_layer_cave, vehumet_statue, zin_academy,
          minmay_unpleasant_kobolds, uniq_maggie, uniq_menkaure, uniq_duvessa
D:8:      layout_loops_cross, chequers_ossuary_entry_cave, uniq_maurice
D:9:      layout_loops_ring, dpeg_lair_monsters, david_orc_2,
          kennysheep_nondescript
Temple:   dshaligram_water_room_temple

Skill      XL: |  1  2  3  4  5  6  7  8  9 10 |
---------------+-------------------------------+-----
Fighting       | 1 2 3 4 5 6 8 9 |  9.9
Spellcasting   | 4 5 6 8 9 11 | 11.1
Earth Magic    | 4 5 6 7 8 9 |  9.7
Dodging        | |  2.4
Stealth        | |  2.4
Transmutations | |  1.1

Action                   |  1- 3 |  4- 6 |  7- 9 | 10-12 || total
-------------------------+-------+-------+-------+-------++-------
Melee: Spear             |    24 |    28 |       |       ||    52
       Unarmed           |     1 |       |       |       ||     1
       Dagger            |       |    67 |     6 |       ||    73
       Staff             |       |       |    15 |     3 ||    18
 Cast: Sandblast         |    47 |    32 |    67 |    39 ||   185
       Stone Arrow       |       |     1 |    54 |    10 ||    65
       Lee's Rapid Decon |       |       |     7 |     8 ||    15
Evoke: Wand              |       |     5 |    14 |     5 ||    24
  Use: Scroll            |       |       |    14 |     1 ||    15
       Potion            |       |       |       |     2 ||     2
 Stab: Sleeping          |     2 |     3 |       |       ||     5
       Distracted        |       |     1 |       |       ||     1
Armor: Robe              |     7 |       |       |       ||     7
       Ring mail         |     2 |    26 |       |       ||    28
       Steam dragon scal |       |     6 |    22 |     4 ||    32
Dodge: Dodged            |    26 |    55 |    56 |    27 ||   164

Table legend: (Time is in decaauts)
 A = Elapsed time spent in this place.
 B = Non-inter-level travel time spent in this place.
 C = Inter-level travel time spent in this place.
 D = Time resting spent in this place.
 E = Time spent auto-exploring this place.
 F = Levels seen in this place.
 G = Mean time per level.
                   A        B        C        D        E       F      G
               +--------+--------+--------+--------+--------+-----+--------+
         Total |  10145 |   9754 |    391 |    896 |   7803 |  10 | 1014.5 |
       Dungeon |  10012 |   9643 |    369 |    896 |   7694 |   9 | 1112.4 |
        Temple |    132 |    110 |     22 |      0 |    109 |   1 |  132.0 |
               +--------+--------+--------+--------+--------+-----+--------+

Top non-repeatable levels by time:
     D:5: 1762 daAuts
     D:1: 1495 daAuts
     D:7: 1306 daAuts
     D:8: 1279 daAuts
     D:4: 1178 daAuts
     D:6: 1103 daAuts
     D:3: 1059 daAuts
     D:2: 761 daAuts
  Temple: 132 daAuts
     D:9: 66 daAuts
